AoeStats
← tom

Arabia

510826582Analyzed
1v1 RM · 11h ago on Oct 2, 2026· 37m 59s· 2 players
Game mode
Random Map
Map size
Tiny (2 player)
Population
200
Speed
Normal
Resources
Standard
Victory
Conquest
Starting age
Dark Age
Ending age
Imperial Age
RankedLock teamsTeams togetherTeam positionsShared explorationLock speedFull tech treeHidden civsTurbo modeCheats
Victory
Defeat
🇱🇻 Britons · Latvia
772
+15
🇺🇸 Cumans · United States
749
-15
Sir Melcom
9:01 Feudal Age
7:23 Loom
14:08 Fletching
19:52 Double-Bit Axe
23:13 Bloodlines
31:25 Castle Age
32:00 Crossbowman
33:23 Bodkin Arrow
37:49 Bow Saw
tom
7:05 Loom
10:00 Feudal Age
10:09 Man-at-Arms
12:46 Double-Bit Axe
15:38 Fletching
15:50 Scale Mail Armor
16:53 Padded Archer Armor
21:43 Gold Mining
23:25 Wheelbarrow
22:55 Scale Mail Armor
23:36 Arson
26:34 Forging
29:25 Castle Age
30:37 Hand Cart
32:04 Bodkin Arrow
33:16 Bow Saw
36:24 Scale Barding Armor
36:44 Town Watch
37:34 Husbandry
Connection lost

Rejoining the realm…

Still unreachable

The connection could not be restored.

Session expired

The server has moved on; the page needs a fresh start.